 Dungeon Crawl Stone Soup version 0.26-a0-682-g294304f6e8 (webtiles) character file.

Game seed: 1158998638554067995

8218 lunkers the Frost Mage (level 11, -4/119 HPs)
             Began as an Ogre Ice Elementalist on Oct 21, 2020.
             Was an Elder of Ashenzari.
             Engulfed by a cloud of flame (12 damage)
             ... in a volcano.
             The game lasted 00:31:37 (18010 turns).

lunkers the Frost Mage (Ogre Ice Elementalist)     Turns: 18010, Time: 00:31:37

Health: -4/119     AC:  5    Str: 14    XL:     11   Next: 27%
Magic:  17/25      EV: 10    Int: 19    God:    Ashenzari [****..]
Gold:   1073       SH:  0    Dex:  9    Spells: 19/30 levels left

rFire    . . .     SeeInvis +   j - +3 spear (pain) (curse)
rCold    . . .     Faith    .   (no shield)
rNeg     . . .     Spirit   .   a - +0 robe
rPois    .         Reflect  .   n - +1 hat (curse)
rElec    .         Harm     .   r - +0 cloak
rCorr    +         Rampage  .   (gloves unavailable)
MR       +....     Clarity  +   (boots unavailable)
Stlth    +.........             (no amulet)
HPRegen  0.29/turn              b - ring of resist corrosion (curse)
MPRegen  0.19/turn              o - ring of wizardry (curse)

@: frozen ramparts
A: large, unfitting armour, tough skin 1
a: Curse Item, Scrying, Renounce Religion


You were in a volcano.
You worshipped Ashenzari.
Ashenzari was greatly pleased with you.
You visited 2 branches of the dungeon, and saw 10 of its levels.
You also visited: Ossuary, Bailey and Volcano.

You collected 1073 gold pieces.

Inventory:

Hand Weapons
 c - a +0 dagger of venom
 j - a cursed +3 spear of pain (weapon)
 q - a +3 scimitar of flaming
Armour
 a - a +0 robe (worn)
 h - a cursed +0 robe
 n - a cursed +1 hat (worn)
 r - a +0 cloak (worn)
Jewellery
 b - a cursed ring of resist corrosion (left hand)
 o - a cursed ring of wizardry (right hand)
 D - an uncursed ring of protection from magic
Wands
 x - a wand of acid (3)
 y - a wand of flame (5)
 z - a wand of random effects (36)
Scrolls
 d - 5 scrolls of blinking
 e - a scroll of fear
 g - 5 scrolls of enchant armour
 k - 8 scrolls of teleportation
 l - 2 scrolls of magic mapping
 m - 2 scrolls of enchant weapon
 u - a scroll of amnesia
Potions
 f - 4 potions of haste
 i - 2 potions of ambrosia
 p - a potion of stabbing
 s - 2 potions of curing
 t - 2 potions of might
 v - 2 potions of brilliance
 w - a potion of resistance {unknown}
 A - 2 potions of heal wounds {unknown}
 B - a potion of degeneration {unknown}
 C - a potion of cancellation {unknown}
 E - a potion of magic {unknown}


   Skills:
 + Level 10.8 Fighting
 - Level 1.7 Dodging
 - Level 1.4 Stealth
 - Level 10.0 Spellcasting
 - Level 3.9(6.0) Summonings
 - Level 10.9(13.0) Ice Magic


You had 19 spell levels left.
You knew the following spells:

 Your Spells              Type           Power        Failure   Level
a - Freeze                Ice            ####         1%          1
b - Frozen Ramparts       Ice            ######       1%          3
c - Ozocubu's Armour      Ice            ######..     1%          3
d - Summon Ice Beast      Ice/Summ       #####...     1%          4

Your spell library contained the following spells:

 Spells                   Type           Power        Failure   Level
 Summon Small Mammal      Summ           ####         1%          1
 Hailstorm                Conj/Ice       ####....     1%          4
 Animate Skeleton         Necr           ##....       2%          1
 Apportation              Tloc           ##....       2%          1
 Corona                   Hex            ##.....      2%          1
 Summon Demon             Summ           ####......   7%          5
 Summon Forest            Summ/Tloc      ###.......   22%         5
 Summon Mana Viper        Hex/Summ       ###.....     22%         5
 Shadow Creatures         Summ           N/A          34%         6
 Summon Hydra             Summ           ####......   88%         7


Dungeon Overview and Level Annotations

Branches:
Dungeon (9/15)             Temple (0/1) D:6            Lair (1/6) D:9
Ossuary (visited)          Bailey (visited)         Volcano (1/1)
    Orc: D:9-12

Altars:
Ashenzari
Cheibriados
Dithmenos
Elyvilon
Fedhas
Nemelex Xobeh
Okawaru
Sif Muna
Uskayaw
Wu Jian
Yredelemnul

Shops:
D:6 =

Annotations:
D:8 3 runed translucent doors, BruhMomento's ghost, novice DsBe


Innate Abilities, Weirdness & Mutations

You are too large for most types of armour.
You have tough skin. (AC +1)


Message History

The efreet is heavily wounded.
The fire vortex is frozen!
The wall freezes the fire vortex!
Casting: Freeze (safe; 1% risk of failure)
Confirm with . or Enter, or press ? or * to list all spells.
Aiming: Freeze (safe; 1% risk of failure)
Press: ? - help, Shift-Dir - straight line, f/p - efreet
Aim: an efreet, wielding a +1 scimitar of flaming (black smoke, heavily wounded)
The efreet is frozen!
You freeze the efreet!
The efreet is almost dead.
The fire vortex is frozen!
The wall freezes the fire vortex!
The efreet is frozen!
The wall freezes the efreet!
You kill the efreet!
Unknown command.
Unknown command.
You are engulfed in blazing flames.
* * * LOW HITPOINT WARNING * * *
The fire vortex is frozen!
The wall freezes the fire vortex!
The fire vortex dissipates!
You feel better.
You are engulfed in blazing flames.
You die...

#### ##§.## #§≈≈.# * #*
##.§≈.## ### * ##. *
#.§§≈§.# ##☼## , *#.≈. *
##Y≈§§≈.## ##☼☼☼## ≈ ,
v.≈.. *#§§≈§§v§.###.☼☼☼.#
≈
≈≈≈≈..##@≈≈≈≈≈≈.##.§≈≈≈≈'
,
≈§§≈≈§)§###≈≈###'.≈≈≈≈≈≈#
*
*≈§§≈≈##############≈≈○○≈#
, ###* ,+#≈≈≈≈#≈#+.##≈○###
*.≈≈k≈≈≈§##)#####' *,
**.≈≈{k≈≈.###.###.# * {{ *
#.≈≈≈≈.## ##...## * * ,
#.≈≈≈≈. ##.## * * ##.≈≈.#*
###


You could see a fire vortex and a friendly ice beast (summoned).

Vanquished Creatures
  Harold (D:9)
  A two-headed ogre (D:9)
  2 molten gargoyles (Volcano)
  2 efreet (Volcano)
  3 yaks (D:9)
  4 fire elementals (Volcano)
  A wyvern (Lair:1)
  A warg (D:9)
  Menkaure (D:4)
  Edmund (D:5)
  A water moccasin (Lair:1)
  2 sky beasts
  An ice beast (D:8)
  2 orc warriors
  A phantom (D:4)
  An ogre (D:5)
  5 centaurs
  2 bullfrogs
  2 earth elementals (Volcano)
  6 gnoll sergeants (Bailey)
  A water moccasin skeleton (D:8)
  A howler monkey (D:6)
  3 centaur zombies
  4 orc priests
  5 gnoll shamans (Bailey)
  An iguana (D:8)
  3 bullfrog skeletons
  Ijyb (D:5)
  9 orc wizards
  2 worker ants
  2 hound skeletons
  A hound zombie (D:5)
  A mummy (D:5)
  A worker ant zombie (D:8)
  15 gnolls
  6 adders
  A howler monkey skeleton (D:8)
  4 shadow imps
  4 white imps
  2 adder skeletons (D:4)
  An adder zombie (D:6)
  4 worms
  4 dart slugs
  6 leopard geckos
  19 orcs
  4 giant cockroaches
  4 goblins (D:1)
  7 hobgoblins
  8 jackals
  4 quokkas
  A ball python (D:6)
  9 bats
  4 frilled lizards
  10 kobolds
  An orc zombie (Ossuary)
  A quokka zombie (D:8)
  4 rats
  A fire vortex (Volcano)
199 creatures vanquished.

Vanquished Creatures (collateral kills)
  A hydra (Lair:1)
  A yak (D:9)
  2 wargs (D:9)
  An eye of draining (D:9)
  2 ice beasts
  A black bear (D:6)
  An ogre (D:6)
  3 phantoms
  2 centaurs
  2 gnoll sergeants (Bailey)
  A scorpion (D:8)
  9 wights
  2 howler monkeys
  A bullfrog skeleton (D:6)
  2 hounds (Bailey)
  A jelly (D:8)
  A gnoll shaman (Bailey)
  A worker ant (D:9)
  A hound zombie (D:8)
  8 mummies (Ossuary)
  A howler monkey zombie (D:9)
  A worker ant zombie (D:9)
  2 gnolls (Bailey)
  A shadow imp (D:8)
  A white imp (D:6)
  A leopard gecko (D:6)
  2 orcs (D:9)
  A gnoll zombie (Ossuary)
  2 hobgoblin zombies (Ossuary)
  2 kobold zombies (Ossuary)
  2 orc zombies (Ossuary)
  A quokka skeleton (D:6)
60 creatures vanquished.

Vanquished Creatures (others)
  A fungus (Lair:1)
  A plant (D:9)
  A withered plant (D:8)
3 creatures vanquished.

Grand Total: 262 creatures vanquished

Notes
Turn   | Place    | Note
-------+----------+-------------------------------------------
     0 | D:1      | lunkers the Ogre Ice Elementalist began the quest for the
                  | Orb.
     0 | D:1      | Reached XP level 1. HP: 16/16 MP: 3/3
   210 | D:1      | Reached XP level 2. HP: 6/24 MP: 2/5
   725 | D:1      | Reached XP level 3. HP: 31/31 MP: 5/7
  1332 | D:2      | Found a broken altar of Ashenzari.
  1481 | D:2      | Became a worshipper of Ashenzari the Shackled
  1641 | D:2      | Found a snail-covered altar of Cheibriados.
  1717 | D:2      | Reached XP level 4. HP: 30/39 MP: 5/9
  2267 | D:2      | Learned a level 3 spell: Frozen Ramparts
  2271 | D:2      | Learned a level 3 spell: Ozocubu's Armour
  2945 | D:3      | Reached skill level 5 in Ice Magic
  3089 | D:3      | Found a shadowy altar of Dithmenos.
  3260 | D:3      | Reached XP level 5. HP: 45/45 MP: 8/10
  3956 | D:4      | Noticed a phantom
  3965 | D:4      | Noticed Menkaure
  3978 | D:4      | Killed Menkaure
  3978 | D:4      | Reached XP level 6. HP: 38/53 MP: 8/12
  4016 | D:4      | Killed a phantom
  4810 | D:4      | Reached * piety under Ashenzari
  5114 | D:5      | Entered Level 5 of the Dungeon
  5114 | D:5      | Found an ornate altar of the Wu Jian Council.
  5126 | D:5      | Reached skill level 5 in Spellcasting
  5126 | D:5      | Reached XP level 7. HP: 51/59 MP: 14/14
  5169 | D:5      | Noticed Edmund
  5177 | D:5      | Killed Edmund
  5258 | D:5      | Learned a level 4 spell: Summon Ice Beast
  5359 | D:5      | Found a sand-covered staircase.
  5418 | Ossuary  | Entered an ossuary
  5866 | D:5      | Noticed Ijyb
  5871 | D:5      | Killed Ijyb
  6318 | D:5      | Reached XP level 8. HP: 67/67 MP: 11/17
  6517 | D:5      | Found a white marble altar of Elyvilon.
  6813 | D:6      | Found Vyg Osma's Jewellery Shoppe.
  6869 | D:6      | HP: 3/67 [centaur/arrow (8)]
  7321 | D:6      | Found a staircase to the Ecumenical Temple.
  8604 | D:6      | Found a blossoming altar of Fedhas.
  8611 | D:6      | Found a hide-covered altar of Uskayaw.
  8677 | D:6      | Reached ** piety under Ashenzari
  8923 | D:6      | Reached XP level 9. HP: 74/74 MP: 9/20
  9588 | D:7      | Found an iron altar of Okawaru.
  9797 | D:7      | Found a white marble altar of Elyvilon.
  9921 | D:7      | Reached skill level 1 in Fighting
 10964 | D:8      | Found a sparkling altar of Nemelex Xobeh.
 10968 | D:8      | Reached *** piety under Ashenzari
 11490 | D:8      | Reached skill level 10 in Ice Magic
 12161 | D:8      | Found a runed translucent gate.
 12163 | D:8      | Found a runed translucent gate.
 12164 | D:8      | Found a runed translucent gate.
 12166 | D:8      | Noticed BruhMomento's ghost (novice DsBe)
 12195 | D:8      | Found a basalt altar of Yredelemnul.
 13004 | D:9      | Noticed Harold
 13277 | D:9      | Noticed a two-headed ogre
 13294 | D:9      | Killed a two-headed ogre
 13294 | D:9      | Reached skill level 5 in Fighting
 13294 | D:9      | Reached XP level 10. HP: 57/96 MP: 2/22
 13614 | D:9      | Found a flagged portal.
 13625 | Bailey   | Entered a bailey
 13983 | Bailey   | Reached skill level 1 in Summonings
 14518 | D:9      | Found a shimmering blue altar of Sif Muna.
 14992 | D:9      | Found a staircase to the Lair.
 15010 | D:9      | Killed Harold
 15649 | Lair:1   | Entered Level 1 of the Lair of Beasts
 15661 | Lair:1   | Noticed a seven-headed hydra
 15668 | Lair:1   | Killed a seven-headed hydra
 15668 | Lair:1   | Reached skill level 10 in Spellcasting
 15678 | Lair:1   | Reached **** piety under Ashenzari
 15991 | Lair:1   | Found a dark tunnel.
 15996 | Volcano  | Entered a volcano
 16140 | Volcano  | Noticed a molten gargoyle
 16146 | Volcano  | Killed a molten gargoyle
 16146 | Volcano  | Reached XP level 11. HP: 91/113 MP: 14/25
 16346 | Volcano  | Noticed a lindwurm
 16346 | Volcano  | Noticed a lindwurm
 17574 | Volcano  | Reached skill level 10 in Fighting
 18009 | Volcano  | HP: 2/119 [something (16)]
 18010 | Volcano  | Engulfed by a cloud of flame

Illustrated notes

Levels and vault maps discovered:
D:1:      dpeg_arrival_prison, layout_rooms
D:2:      layout_loops_ring, ashenzari_altar_1, cheibriados_altar_1
D:3:      layout_basic, grunt_dithmenos_smoke
D:4:      layout_loops_ring, minmay_fractal_squares_5, uniq_menkaure
D:5:      layout_basic, gup_ossuary_entry_pyramid, basic_altar,
          elyvilon_altar_4, uniq_edmund, uniq_ijyb
D:6:      layout_basic, kennysheep_little_box, minmay_temple_entry_junction,
          serial_shops, shop, fedhas_altar_1
D:7:      layout_gridville, kennysheep_mini_moat, okawaru_ov_weapons_minmay,
          st_stairs_9
D:8:      layout_loops_corners, nemelex_xobeh_ov_fountains_minmay,
          yredelemnul_altar_generic, gammafunk_ghost_necromancy,
          kennysheep_doodads
D:9:      layout_basic, erik_lair_orcish_takeover, enter_bailey_2,
          serial_co_window_serial, co_window_paths_b, co_window_paths_a,
          co_window_paths_b, co_window_paths_b, co_window_cross_1,
          co_window_of_opportunity_b, co_window_2corner,
          co_window_unsneaky_path_e, co_window_2corner,
          co_window_unsneaky_path_b, lemuel_blue_sif_altar, uniq_harold
Lair:1:   layout_big_grid, nicolae_volcano_entry_s_turn
Volcano:  volcano_aerie

Skill      XL: |  1  2  3  4  5  6  7  8  9 10 11 |
---------------+----------------------------------+-----
Ice Magic      | 4 5 6 7 9 10 | 10.9
Spellcasting   | 3 4 5 6 7 8 10 | 10.0
Fighting       | 5 8 10 | 10.8
Summonings     | 3 |  3.9
Dodging        | |  1.7
Stealth        | |  1.4

Action                   |  1- 3 |  4- 6 |  7- 9 | 10-12 || total
-------------------------+-------+-------+-------+-------++-------
Melee: Dagger            |     7 |     1 |       |       ||     8
       Spear             |       |    67 |   290 |   108 ||   465
 Cast: Freeze            |    60 |    44 |    34 |     7 ||   145
       Frozen Ramparts   |       |     5 |    33 |    22 ||    60
       Summon Ice Beast  |       |       |    86 |    33 ||   119
       Ozocubu's Armour  |       |       |     1 |     2 ||     3
Invok: Curse Item        |       |     2 |     1 |       ||     3
Evoke: Wand              |       |       |       |    14 ||    14
  Use: Scroll            |     1 |       |    14 |     1 ||    16
       Potion            |       |     1 |       |     2 ||     3
 Stab: Distracted        |       |       |     2 |       ||     2
       Sleeping          |       |       |       |     1 ||     1
Armor: Robe              |    11 |    22 |    65 |    28 ||   126
Dodge: Dodged            |    42 |    57 |   182 |    51 ||   332

Table legend: (Time is in decaauts)
 A = Elapsed time spent in this place.
 B = Non-inter-level travel time spent in this place.
 C = Inter-level travel time spent in this place.
 D = Time resting spent in this place.
 E = Time spent auto-exploring this place.
 F = Levels seen in this place.
 G = Mean time per level.
                   A        B        C        D        E       F      G
               +--------+--------+--------+--------+--------+-----+--------+
         Total |  18041 |  17657 |    384 |   3006 |  11814 |  13 | 1387.8 |
       Dungeon |  14443 |  14060 |    383 |   1266 |  10682 |   9 | 1604.8 |
          Lair |    347 |    347 |      0 |     10 |    208 |   1 |  347.0 |
       Ossuary |    413 |    413 |      0 |    183 |     96 |   1 |  413.0 |
        Bailey |    820 |    820 |      0 |    232 |    296 |   1 |  820.0 |
       Volcano |   2016 |   2016 |      0 |   1315 |    532 |   1 | 2016.0 |
               +--------+--------+--------+--------+--------+-----+--------+

Top non-repeatable levels by time:
     D:8: 2706 daAuts
     D:5: 2018 daAuts
 Volcano: 2016 daAuts
     D:9: 1689 daAuts
     D:6: 1570 daAuts
     D:2: 1550 daAuts
     D:4: 1366 daAuts
     D:7: 1358 daAuts
     D:3: 1221 daAuts
     D:1: 962 daAuts
  Bailey: 820 daAuts
 Ossuary: 413 daAuts
  Lair:1: 347 daAuts
